 Dungeon Crawl Stone Soup version 0.29.1-15-g9cfb28693d (webtiles) character file.

Game seed: 727326435315545864

39 leafyfresh the Sneak (level 3, -13/26 HPs)
             Began as an Octopode Delver on Feb 26, 2023.
             Killed by divine providence
             ... invoked by an orc priest
              (17 damage)
             ... on level 3 of the Dungeon.
             The game lasted 00:00:34 (181 turns).

leafyfresh the Sneak (Octopode Delver)               Turns: 181, Time: 00:00:36

Health: -13/26     AC:  1    Str: 11    XL:     3   Next: 45%
Magic:  3/3        EV: 13    Int: 14    God:
Gold:   21         SH:  0    Dex: 13    Spells: 2/2 levels left

rFire   . . .      SeeInvis .   a - +0 short sword
rCold   . . .      Faith    .   (no shield)
rNeg    . . .      Spirit   .   (helmet restricted)
rPois   .          Reflect  .   (no amulet)
rElec   .          Harm     .   (no ring)
rCorr   .          Rampage  .   (no ring)
Will    .....                   (no ring)
Stlth   ++++......              (no ring)
HPRegen 0.08/turn               (no ring)
MPRegen 0.08/turn               (no ring)
                                (no ring)
                                (no ring)

@: no status effects
A: almost no armour, amphibious, 8 rings, camouflage 1, gelatinous body 1,
(nimble swimmer 1), tentacles
a: no special abilities


You were on level 3 of the Dungeon.
You visited 1 branch of the dungeon, and saw 3 of its levels.

You collected 21 gold pieces.

Inventory:

Hand Weapons
 a - a +0 short sword (weapon)
Wands
 f - a wand of digging (3)
Scrolls
 b - a scroll of fog
 c - a scroll of magic mapping
 d - a scroll of fear
 g - a scroll of identify {unknown}
 h - a scroll of enchant weapon {unknown}
Potions
 e - a potion of haste
 i - a potion of cancellation {unknown}


   Skills:
 + Level 3.5 Fighting
 - Level 2.0 Short Blades
 + Level 2.7 Dodging
 + Level 7.1 Stealth


You had 2 spell levels left.
You didn't know any spells.
Your spell library was empty.

Dungeon Overview and Level Annotations

Branches:
Dungeon (5/15)
 Temple: D:4-7

Altars:


Innate Abilities, Weirdness & Mutations

You cannot wear most types of armour.
You are amphibious.
You can wear up to eight rings at the same time.
Your skin changes colour to match your surroundings (Stealth+).
Your rubbery body absorbs attacks. (AC +1, EV +1)
((You are camouflaged when in or above water. (Stealth+)))
You have tentacles for arms and can constrict up to eight enemies at once.


Message History

You completely miss the orc priest. You grab the orc priest.
You squeeze the orc priest, but do no damage.
You constrict the orc priest, but do no damage.
The orc priest calls down the wrath of Beogh upon you.
Beogh smites you! The orc closely misses you.
There are monsters nearby!
You hit the orc priest but do no damage.
You squeeze the orc priest.
The orc priest is lightly wounded.
You constrict the orc priest, but do no damage.
The orc priest misses you. The orc barely misses you.
You hit the orc priest but do no damage.
The orc priest is lightly wounded.
You constrict the orc priest, but do no damage.
The orc priest hits you with a +0 club. The orc closely misses you.
Unknown command.
You hit the orc priest but do no damage.
You squeeze the orc priest.
The orc priest is moderately wounded.
You constrict the orc priest. The orc priest hits you with a +0 club.
The orc hits you with a +0 club.
* * * LOW HITPOINT WARNING * * *
You hit the orc priest but do no damage.
The orc priest is moderately wounded.
You constrict the orc priest, but do no damage.
The orc priest completely misses you. The orc hits you with a +0 club.
* * * LOW HITPOINT WARNING * * *
You hit the orc priest but do no damage.
The orc priest is moderately wounded.
You constrict the orc priest, but do no damage.
The orc priest misses you. The orc misses you.
Unknown command.
You hit the orc priest but do no damage.
You squeeze the orc priest, but do no damage.
The orc priest is moderately wounded.
You constrict the orc priest, but do no damage.
The orc priest invokes the aid of Beogh against you.
Beogh smites you!
Ouch! That really hurt!
You die...

##.###...##......# ##..#
#...##....(.# #..##
#...#.......#
###.#####...........#
.............###.########
###############..........
#...#.###### #.##.)# #.
#@## #..ooo# #.)#### #.
.. .. >


You could see an orc priest and 2 orcs.

Vanquished Creatures
  A hound (D:4)
  2 orcs
  A goblin (D:4)
  A hobgoblin (D:4)
5 creatures vanquished.

Notes
Turn   | Place    | Note
-------+----------+-------------------------------------------
     0 | D:5      | leafyfresh the Octopode Delver began the quest for the Orb.
     0 | D:5      | Reached XP level 1. HP: 16/16 MP: 1/1
     5 | D:5      | Noticed a hound
    45 | D:4      | Noticed a hound
    51 | D:4      | Killed a hound
    52 | D:4      | Reached skill level 7 in Stealth
    52 | D:4      | Reached XP level 2. HP: 19/21 MP: 2/2
    52 | D:4      | Reached XP level 3. HP: 23/26 MP: 3/3
   114 | D:4      | Noticed a black bear
   181 | D:3      | Killed from afar by an orc priest

Illustrated notes

Levels and vault maps discovered:
D:3:      layout_rooms
D:4:      layout_rooms, kennysheep_little_box, hangedman_abyss_or_decor_passed
D:5:      layout_cave_pools

Skill      XL: |  1 |
---------------+----+-----
Stealth        | 7 |  7.1
Fighting       | |  3.5
Short Blades   | |  2.0
Dodging        | |  2.7

Action                   || total
-------------------------++-------
Melee: Short sword       ||    18
       Tentacles         ||     5
       Constrict         ||     4
 Stab: Sleeping          ||     2
Dodge: Dodged            ||    15
